 Dungeon Crawl Stone Soup version 0.31-a0-214-gb37851dbb3 (webtiles) character file.

Game seed: 10618530627015708731

60 qw the Shooter (level 3, -1/29 HPs)
             Began as a Minotaur Hexslinger on July 1, 2023.
             Succumbed to a scorpion's poison
             ... on level 3 of the Dungeon.
             The game lasted 00:00:39 (1369 turns).

qw the Shooter (Minotaur Hexslinger)                Turns: 1369, Time: 00:00:39

Health: -1/29      AC:  6    Str: 12    XL:     3   Next: 82%
Magic:  3/3        EV: 11    Int: 10    God:
Gold:   118        SH:  0    Dex: 14    Spells: 3/4 levels left

rFire   . . .        Y - +1 sling
rCold   . . .        (no shield)
rNeg    . . .        k - +0 ring mail
rPois   .            (helmet restricted)
rElec   .            h - +0 cloak
rCorr   .            (no gloves)
SInv    .            (no boots)
Will    .....        e - amulet of regeneration
Stlth   +            (no ring)
HPRegen 1.04/turn    (no ring)
MPRegen 0.08/turn

%: no passive effects
@: lethally poisoned (-1 -> -9)
A: horns 2, retaliatory headbutt
a: no special abilities


You were on level 3 of the Dungeon.
You visited 1 branch of the dungeon, and saw 3 of its levels.

You collected 118 gold pieces.


Innate Abilities, Weirdness & Mutations

You have a pair of horns on your head.
You reflexively headbutt those who attack you in melee.


   Skills:
 - Level 2.0 Fighting
 - Level 4.3 Ranged Weapons
 + Level 0.0 Armour
 - Level 2.1 Dodging
 - Level 1.0 Spellcasting
 - Level 2.0 Hexes


You had 3 spell levels left.
You knew the following spells:

 Your Spells              Type           Power      Damage    Failure   Level
a - Slow                  Hex            16%        N/A       34%         1

Your spell library contained the following spells:

 Spells                   Type           Power      Damage    Failure   Level
 Inner Flame              Hex/Fire       2%         N/A       83%         3
 Portal Projectile        Hex/Tloc       4%         N/A       83%         3
 Cause Fear               Hex            2%         N/A       98%         4

Inventory:

Hand Weapons
 Y - a +1 sling (weapon)
Armour
 h - a +0 cloak (worn)
 k - a +0 ring mail (worn)
Jewellery
 e - an amulet of regeneration (around neck)
Scrolls
 d - a scroll of identify
Potions
 g - a potion of enlightenment {unknown}
 i - 2 potions of curing
 j - a potion of haste {unknown}

Dungeon Overview and Level Annotations

Branches:
Dungeon (3/15)

Altars:
Trog


Message History

You shoot a sling bullet.
The sling bullet closely misses the scorpion.
The scorpion stings you.
You shoot a sling bullet.
The sling bullet barely misses the scorpion.
The scorpion stings you but does no damage. x2
You shoot a sling bullet.
The sling bullet barely misses the scorpion.
The scorpion barely misses you.
You shoot a sling bullet.
The sling bullet hits the scorpion but does no damage.
The scorpion is heavily wounded.
The scorpion barely misses you. x2
You shoot a sling bullet. The sling bullet hits the scorpion.
The scorpion is severely wounded.
The scorpion stings you.
You shoot a sling bullet.
The sling bullet hits the scorpion but does no damage.
The scorpion is severely wounded.
The scorpion stings you.
You are poisoned.
The scorpion poisons you! The scorpion stings you.
You are more poisoned.
The scorpion poisons you!
You shoot a sling bullet.
The sling bullet hits the scorpion but does no damage.
The scorpion is severely wounded.
You feel very sick. The scorpion stings you.
You are lethally poisoned!
The scorpion poisons you!
You shoot a sling bullet.
The sling bullet barely misses the scorpion.
You feel extremely sick. The scorpion stings you.
The scorpion closely misses you. You furiously retaliate!
You headbutt the scorpion, but do no damage.
You shoot a sling bullet.
The sling bullet closely misses the scorpion.
You die...

#########
......s.#
#@# #.#
#.# #<#
#.# #.#
#.# #.#
...


You could see a scorpion.

Vanquished Creatures
  A dart slug (D:2)
  4 ball pythons
  7 endoplasms
  3 giant cockroaches
  3 goblins
  7 hobgoblins
  4 jackals (D:1)
  3 quokkas
  4 bats
  4 frilled lizards
  5 kobolds
  7 rats
52 creatures vanquished.

Notes
Turn   | Place    | Note
-------+----------+-------------------------------------------
     0 | D:1      | qw the Minotaur Hexslinger began the quest for the Orb.
     0 | D:1      | Reached XP level 1. HP: 16/16 MP: 1/1
     0 | D:1      | 0 ||| qw: Version: 0.3-a-32-g5962c71
     0 | D:1      | 0 ||| qw: Game counter: 7670
     0 | D:1      | 0 ||| qw: Melee chars always use a shield: true
     0 | D:1      | 0 ||| qw: God list: Okawaru
     0 | D:1      | 0 ||| qw: Allow faded altars: false
     0 | D:1      | 0 ||| qw: Do Orc after clearing Dungeon:15 true
     0 | D:1      | 0 ||| qw: Do second Lair branch before Depths: true
     0 | D:1      | 0 ||| qw: Lair rune preference: random
     0 | D:1      | 0 ||| qw: Goals: Normal
     0 | D:1      | 0 ||| PLANNING D:1-11
   121 | D:1      | 121 ||| Stepping ~*~*~tactically~*~*~ (outnumbered).
   124 | D:1      | Reached skill level 3 in Ranged Weapons
   127 | D:1      | Reached XP level 2. HP: 23/23 MP: 2/2
   311 | D:1      | Reached XP level 3. HP: 29/29 MP: 3/3
   676 | D:1      | 676 ||| UPGRADING to +0 leather armour.
   686 | D:1      | 686 ||| DROPPING +0 robe.
   687 | D:1      | 687 ||| UPGRADING to +0 cloak.
   692 | D:1      | 692 ||| READING scroll labelled GESUTIOSENI.
   693 | D:1      | 693 ||| READING scroll labelled ZARILLO PAUHUSUXE.
   694 | D:1      | 694 ||| READING scroll labelled QEUNNE DEASM.
   695 | D:1      | 695 ||| DROPPING scroll of poison.
   771 | D:2      | Reached skill level 4 in Ranged Weapons
   864 | D:2      | Found a bloodstained altar of Trog.
  1327 | D:2      | 1327 ||| UPGRADING to +0 ring mail.
  1337 | D:2      | 1337 ||| DROPPING +0 leather armour.
  1338 | D:2      | 1338 ||| UPGRADING to amulet of regeneration.
  1343 | D:2      | 1343 ||| READING scroll labelled IFEAROO IFRYOS.
  1344 | D:2      | 1344 ||| DRINKING 3 orange potions.
  1345 | D:2      | 1345 ||| READING 3 scrolls of identify.
  1345 | D:2      | 1345 ||| IDENTIFYING red potion
  1346 | D:2      | 1346 ||| READING 2 scrolls of identify.
  1346 | D:2      | 1346 ||| IDENTIFYING sapphire potion
  1347 | D:2      | 1347 ||| DROPPING potion of attraction.
  1348 | D:2      | 1348 ||| DROPPING potion of invisibility.
  1355 | D:3      | Noticed a scorpion
  1368 | D:3      | HP: 5/29 [poisoned by a scorpion]
  1368 | D:3      | HP: 1/29 [scorpion (4)]
  1369 | D:3      | Succumbed to a scorpion's poison

Levels and vault maps discovered:
D:1:      scummos_arrival_gate, layout_basic, minivault_19,
          minmay_misc_feat_enclosed, minivault_11, minmay_misc_feat_hallway,
          minmay_misc_feat_plants
D:2:      layout_rooms, basic_altar, nicolae_hexahallways
D:3:      layout_basic, lightli_temple_of_fire, grunt_ministairs_14,
          minmay_box_of_dots

Skill      XL: |  1  2  3 |
---------------+----------+-----
Ranged Weapons | 3 4 |  4.3
Fighting       | 2 |  2.0
Dodging        | |  2.1
Spellcasting   | |  1.0
Hexes          | |  2.0

Action                     || total
---------------------------++-------
   Fire: Sling             ||   161
    Use: Scroll            ||     6
         Potion            ||     1
 Armour: Robe              ||    19
         Leather armour    ||    12
         Ring mail         ||     2
  Dodge: Dodged            ||    64

Table legend:
 A = Non-vault XP
 B = Vault XP
 C = Vault XP percentage of total XP
 D = Non-vault monster count
 E = Vault monster count
 F = Vault count percentage of total count
                 A         B        C        D         E       F
            +---------+---------+-------+---------+---------+-------
      Total |      87 |       0 |   0.0 |      52 |       0 |   0.0
            +---------+---------+-------+---------+---------+-------
        D:1 |      54 |       0 |   0.0 |      32 |       0 |   0.0
        D:2 |      33 |       0 |   0.0 |      20 |       0 |   0.0
            +---------+---------+-------+---------+---------+-------
